 Dungeon Crawl Stone Soup version 0.31-a0-424-g41b3b0883d (webtiles) character file.

Game seed: 4657814063899552422

57 Ethylacetat the Insei (level 4, -17/29 HPs)
             Began as an Octopode Shapeshifter on July 30, 2023.
             Blown up by a goblin (19 damage)
             ... with a mindburst bolt
             ... on level 3 of the Dungeon.
             The game lasted 00:02:03 (1360 turns).

Ethylacetat the Insei (Octopode Shapeshifter)       Turns: 1360, Time: 00:02:03

Health: -17/29     AC:  1    Str: 14    XL:     4   Next: 0%
Magic:  4/4        EV: 13    Int: 10    God:
Gold:   83         SH:  0    Dex: 14    Spells: 3/3 levels left

rFire   . . .        h - +2 dagger (elec)
rCold   . . .        (no shield)
rNeg    . . .        (helmet currently unavailable)
rPois   .            (no amulet)
rElec   .            f - ring of resist corrosion
rCorr   +            (no ring)
SInv    .            (no ring)
Will    .....        (no ring)
Stlth   ++           (no ring)
HPRegen 0.24/turn    (no ring)
MPRegen 0.09/turn    (no ring)
                     (no ring)

%: no passive effects
@: beast-form
A: beast (slay +2), almost no armour, amphibious, 8 rings, camouflage 1,
gelatinous body 1, (nimble swimmer 1), tentacles
a: Begin Untransformation


You were on level 3 of the Dungeon.
You were a hulking beast.
You visited 1 branch of the dungeon, and saw 3 of its levels.

You collected 83 gold pieces.

Inventory:

Hand Weapons
 h - a +2 dagger of electrocution (weapon)
Jewellery
 f - a ring of resist corrosion (left tentacle)
Talismans
 b - a beast talisman (active)
Scrolls
 c - 2 scrolls of noise {unknown}
 d - a scroll of identify {unknown}
 g - a scroll of brand weapon {unknown}
Potions
 a - a potion of lignification
 e - a potion of curing {unknown}


   Skills:
 + Level 1.9 Fighting
 + Level 2.7 Dodging
 + Level 3.5 Unarmed Combat
 + Level 3.3 Shapeshifting


You had 3 spell levels left.
You didn't know any spells.
Your spell library contained the following spells:

 Spells                   Type           Power      Damage    Failure   Level
 Apportation              Tloc           0%         N/A       36%         1
 Summon Small Mammal      Summ           0%         N/A       36%         1
 Call Canine Familiar     Summ           0%         N/A       75%         3
 Summon Guardian Golem    Hex/Summ       0%         N/A       75%         3
 Alistair's Intoxication  Tmut/Pois      0%         N/A       100%        5


Dungeon Overview and Level Annotations

Branches:
Dungeon (3/15)

Altars:
Kikubaaqudgha


Innate Abilities, Weirdness & Mutations

You are a hulking beast.
Your limbs bulge with bestial killing power. (Slay +2)
You cannot wear most types of armour.
You are amphibious.
You can wear up to eight rings at the same time.
Your skin changes colour to match your surroundings (Stealth+).
Your rubbery body absorbs attacks. (AC +1, EV +1)
((You are camouflaged when in or above water. (Stealth+)))
You have tentacles for arms and can constrict up to eight enemies at once.


Message History

Found a stone staircase leading up.
Found an ancient bone altar of Kikubaaqudgha.
Found a stone staircase leading down.
A kobold comes into view.
It is wielding a +2 dagger of electrocution.
The helpless kobold fails to defend itself.
You tentacle-slap the kobold but do no damage.
Your grab misses the kobold. Your squeeze misses the kobold.
The kobold closely misses you.
You tentacle-slap the kobold. You grab the kobold.
The kobold is severely wounded.
You constrict the kobold.
You kill the kobold!
You have reached level 4!
You see here a +2 dagger of electrocution.
h - a +2 dagger of electrocution You hear the crackle of electricity.
h - a +2 dagger of electrocution (weapon)
Found a stone staircase leading down.
No target in view!
There is a stone staircase leading down here.
Found 6 stones.
No target in view!
No target in view!
You see here 6 stones.
Found 4 stones.
No target in view!
No target in view!
You see here 4 stones.
c - 2 scrolls labelled QETADE GUISHRY (gained 1)
A goblin comes into view.
It is wielding a +0 dagger and carrying a wand of mindburst.
The goblin shouts!
The goblin zaps a wand.
Your mind is blasted!
The goblin zaps a wand.
You barely resist.
The goblin zaps a wand.
Your mind is blasted!
Ouch! That really hurt!
* * * LOW HITPOINT WARNING * * *
You are too injured to fight recklessly!
The goblin zaps a wand.
Your mind is blasted!
Ouch! That really hurt!
You die...

### '..
#.# #.#
#.# #.#
#.# #.#
#.# #g#
#.# #.#
#h# #.#
#.# #.#
#.#
###.#
#.# #.#
#...#
#.# #.#
#.#.#
#.###.##
#.#.#
#......#
###.#.#
#####..#
......#
### #..#
###(###
#.####
#..#


You could see a goblin.

Vanquished Creatures
  An adder (D:3)
  2 worms (D:2)
  A dart slug (D:1)
  3 ball pythons
  4 endoplasms
  4 hobgoblins
  7 jackals (D:1)
  4 kobolds
  5 bats (D:2)
  A frilled lizard (D:1)
  3 rats
35 creatures vanquished.

Notes
Turn   | Place    | Note
-------+----------+-------------------------------------------
     0 | D:1      | Ethylacetat the Octopode Shapeshifter began the quest for
                  | the Orb.
     0 | D:1      | Reached XP level 1. HP: 13/13 MP: 1/1
   244 | D:1      | Reached XP level 2. HP: 17/18 MP: 2/2
   605 | D:1      | Reached XP level 3. HP: 20/23 MP: 3/3
  1251 | D:3      | Found an ancient bone altar of Kikubaaqudgha.
  1260 | D:3      | Reached XP level 4. HP: 29/29 MP: 4/4
  1359 | D:3      | HP: 1/29 [disintegration (18)]
  1360 | D:3      | Blown up by a goblin

Illustrated notes

Levels and vault maps discovered:
D:1:      roderic_crossed_star, layout_rooms, serial_bayou, serial_bayou_pond_a,
          serial_bayou_lake_a, serial_bayou_crossing, serial_bayou_shore_a
D:2:      layout_rooms, kennysheep_another_room
D:3:      layout_loops_ring, vehumet_crystals, kennysheep_orc_sif_temple,
          mainiacjoe_overflow_six_doors_small, overflow_temple_1_default,
          mainiacjoe_overflow_chevrons, dilly_guarded_unrand_throatcut,
          uniq_ijyb

Action                     |  1- 3 |  4- 6 || total
---------------------------+-------+-------++-------
  Melee: Unarmed           |    78 |       ||    78
         Constrict         |    24 |       ||    24
         Tentacles         |    15 |       ||    15
         Punch             |     3 |       ||     3
   Stab: Sleeping          |     6 |       ||     6
 Armour: Skin              |     6 |       ||     6
  Dodge: Dodged            |    45 |       ||    45

Table legend: (Time is in decaauts)
 A = Elapsed time spent in this place.
 B = Non-inter-level travel time spent in this place.
 C = Inter-level travel time spent in this place.
 D = Time resting spent in this place.
 E = Time spent auto-exploring this place.
 F = Levels seen in this place.
 G = Mean time per level.
                   A        B        C        D        E       F      G
               +--------+--------+--------+--------+--------+-----+--------+
         Total |   1353 |   1325 |     28 |      0 |   1097 |   3 |  451.0 |
       Dungeon |   1353 |   1325 |     28 |      0 |   1097 |   3 |  451.0 |
               +--------+--------+--------+--------+--------+-----+--------+

Top non-repeatable levels by time:
     D:1: 659 daAuts
     D:2: 544 daAuts
     D:3: 149 daAuts
